cohdb
Replays
Latest Replays
All Replays
Popular Replays
Top Player Replays
Match Explorer
How It Works
Community
CoH3 Stats
Reddit
Sign in to upload your games and track your stats! →
Sign in with Steam
Match 37878102
Unlisted
Match 37878102
Overview
Messages
Build Orders
End
Royal Engineer Section
Construct Section Command Post
Infantry Section
Infantry Section
Infantry Section
Construct Platoon Command Post
Selects Indian Artillery Battlegroup
Selects War Cry
Selects Gurkha Rifles Section
6-pounder Anti-tank Gun Team
Gurkha Rifles Section
Construct Field Infirmary
Infantry Training
Selects Pillage
Construct Company Command Post
Selects Artillery Saturation
Foot Guards Section
Selects Off-map Airburst Barrage
Off-map Airburst Barrage
STALKER4732
kit.ohume
Devochkin
DragonNeko
frenchdog
Armbbking
0
0
Comments
sign in to comment!
No comments posted yet!